 Dungeon Crawl Stone Soup version 0.25-a0-73-g9796ba8d15 (webtiles) character file.

Game seed: 11405222963922357674, levelgen mode: deterministic

4778 borgmanm the Severer (level 10, 0/81 HPs)
             Began as a Hill Orc Fighter on Nov 6, 2019.
             Was a Follower of Trog.
             Succumbed to a killer bee's poison
             ... on level 9 of the Dungeon.
             The game lasted 00:27:41 (9036 turns).

borgmanm the Severer (Hill Orc Fighter)             Turns: 9036, Time: 00:27:41

Health: 0/81       AC: 17    Str: 23    XL:     10   Next: 47%
Magic:  10/10      EV:  6    Int:  8    God:    Trog [*.....]
Gold:   396        SH: 10    Dex: 10    Spells: 9/9 levels left

rFire    + + .     SeeInvis .   a - +0 war axe
rCold    + + .     Gourm    .   c - +0 shield
rNeg     . . .     Faith    .   q - +2 chain mail {rF+}
rPois    .         Spirit   .   (no helmet)
rElec    .         Reflect  .   G - scarf {rC+ rF+}
rCorr    .         Harm     .   u - +0 pair of gloves
MR       ++...                  (no boots)
Stlth    ..........             L - amulet of the acrobat
HPRegen  1.23/turn              l - +5 ring of protection
MPRegen  0.12/turn              B - ring of protection from cold

@: lethally poisoned (0 -> -16), berserk cooldown, regenerating, slowed, very
slow
A: no striking features
a: Berserk, Renounce Religion


You were on level 9 of the Dungeon.
You worshipped Trog.
Trog was aware of your devotion.
You were very hungry.

You visited 2 branches of the dungeon, and saw 10 of its levels.

You collected 604 gold pieces.
You spent 208 gold pieces at shops.

Inventory:

Hand Weapons
 a - a +0 war axe (weapon)
Missiles
 j - 277 stones (quivered)
Armour
 c - a +0 shield (worn)
 q - a +2 chain mail of fire resistance (worn)
 u - a +0 pair of gloves (worn)
 G - a scarf of resistance (worn)
 K - a +2 chain mail of cold resistance
 P - a +0 plate armour
Jewellery
 l - a +5 ring of protection (left hand)
 B - a ring of protection from cold (right hand)
 J - an uncursed amulet of inaccuracy
 L - an amulet of the acrobat (around neck)
 Q - an uncursed amulet of magic regeneration {unknown}
Wands
 o - a wand of clouds (3)
 y - a wand of flame (51)
 z - a wand of enslavement (9)
 C - a wand of iceblast (9)
 I - a wand of scattershot (10)
Scrolls
 b - 4 scrolls of identify
 e - a scroll of fog
 h - 3 scrolls of fear
 i - 2 scrolls of random uselessness {unknown}
 k - 4 scrolls of remove curse
 p - a scroll of amnesia {unknown}
 s - 3 scrolls of teleportation {unknown}
 v - a scroll of blinking {unknown}
 x - a scroll of magic mapping {unknown}
 A - a scroll of enchant weapon {unknown}
 H - a scroll of noise {unknown}
 O - a scroll of immolation {unknown}
Potions
 d - a potion of might
 g - 3 potions of curing
 m - 2 potions of berserk rage {unknown}
 n - 2 potions of brilliance
 r - a potion of haste {unknown}
 t - 2 potions of degeneration {unknown}
 w - a potion of flight {unknown}
 E - a potion of heal wounds {unknown}
 F - a potion of lignification {unknown}
 M - a potion of invisibility {unknown}
 R - 2 potions of ambrosia {unknown}
Miscellaneous
 D - a box of beasts
Comestibles
 f - 7 rations


   Skills:
 + Level 5.1 Fighting
 - Level 17.1 Axes
 + Level 4.6 Armour
 + Level 4.7 Shields


You had 9 spell levels left.
You didn't know any spells.
Your spell library contained the following spells:

 Spells                   Type           Power        Failure   Level  Hunger
 Ignite Poison            Fire/Tmut/Pois #.......     100%        3    ####...
 Fireball                 Conj/Fire      #.........   100%        5    ######.
 Bolt of Fire             Conj/Fire      #.........   100%        6    #######
 Ring of Flames           Chrm/Fire      #.........   100%        7    #######
 Ignition                 Fire           #.........   100%        8    #######


Dungeon Overview and Level Annotations

Branches:
Dungeon (9/15)             Temple (1/1) D:5
   Lair: D:8-11         Orc: D:9-12

Altars:
Ashenzari
Cheibriados
Dithmenos
Elyvilon
Fedhas
Gozag
Hepliaklqana
Kikubaaqudgha
Makhleb
Nemelex Xobeh
Okawaru
Qazlal
Ru
Sif Muna
Trog
Uskayaw
Vehumet
Wu Jian
Xom
Yredelemnul
Zin
The Shining One

Shops:
D:4 [   D:5 }   D:7 *


Message History

The killer bee poisons you! You block the killer bee's attack.
The killer bee stings you but does no damage. x2
The queen bee calls on the killer bee to defend it!
The killer bee goes berserk!
A killer bee comes into view.
The killer bee rages.
You block the killer bee's attack.
Your chain mail prevents you from hitting the killer bee.
* * * LOW HITPOINT WARNING * * *
You feel very sick. You block the killer bee's attack.
The killer bee stings you.
* * * LOW HITPOINT WARNING * * *
You are more poisoned.
The killer bee poisons you!
You hear an angry buzzing noise. x2
Your skin crawls.
You feel resistant to hostile enchantments.
You feel somewhat more hungry.
You can no longer call upon Trog for regeneration and magic resistance.
You die...

#.# #..#.#. #.#
#..#.#. ..# #......
##.# #..###. #.y#
#..###. ###..#
#...... ####..yy#
##### #.#####
......yy###...# #.#
#.#.####@.....#####.#
........##.........#
####################


You could see a queen bee and 4 killer bees.

Vanquished Creatures
  The ghost of Amnesiac the Grappler, a journeyman TrMo of Ru (D:9)
  2 trolls
  A hippogriff (D:9)
  A basilisk (D:7)
  A wyvern (D:8)
  Duvessa (D:5)
  A water moccasin (D:5)
  2 ice beasts
  A phantom (D:7)
  2 orc warriors
  2 sky beasts
  An ogre (D:7)
  A centaur (D:9)
  7 bullfrogs
  Dowan (D:5)
  3 scorpions
  6 killer bees (D:9)
  7 crimson imps
  A bullfrog zombie (D:8)
  A centaur zombie (D:7)
  A jelly (D:8)
  3 orc priests
  2 bullfrog skeletons
  3 hounds
  Ijyb (D:4)
  2 orc wizards (D:7)
  5 worker ants
  3 iguanas
  2 hound skeletons
  A worker ant zombie (D:9)
  A gnoll (D:7)
  8 adders
  A shadow imp (D:6)
  An ooze (D:4)
  2 adder skeletons
  A dart slug (D:1)
  4 leopard geckos
  11 orcs
  3 giant cockroaches
  9 goblins
  9 hobgoblins
  6 jackals (D:3)
  17 kobolds
  8 quokkas
  A ball python (D:7)
  9 bats
  3 frilled lizards
  A leopard gecko skeleton (D:4)
  5 rats
166 creatures vanquished.

Vanquished Creatures (others)
  An orc wizard (D:3)
1 creature vanquished.

Grand Total: 167 creatures vanquished

Notes
Turn   | Place    | Note
-------+----------+-------------------------------------------
     0 | D:1      | borgmanm the Hill Orc Fighter began the quest for the Orb.
     0 | D:1      | Reached XP level 1. HP: 19/19 MP: 1/1
    77 | D:1      | Reached XP level 2. HP: 17/27 MP: 2/2
   216 | D:1      | Reached skill level 3 in Axes
   549 | D:1      | Reached XP level 3. HP: 30/33 MP: 3/3
   555 | D:1      | Reached skill level 4 in Axes
  1202 | D:2      | Reached XP level 4. HP: 39/40 MP: 4/4
  1233 | D:2      | Reached skill level 5 in Axes
  1810 | D:3      | Reached skill level 6 in Axes
  1810 | D:3      | Reached XP level 5. HP: 4/46 MP: 5/5
  2685 | D:4      | Reached skill level 7 in Axes
  2948 | D:4      | Noticed Ijyb
  2956 | D:4      | Killed Ijyb
  2956 | D:4      | Reached XP level 6. HP: 19/52 MP: 6/6
  3535 | D:4      | Found a sacrificial altar of Ru.
  3686 | D:4      | Found Ecextan's Antique Armour Shop.
  3875 | D:5      | Entered Level 5 of the Dungeon
  3962 | D:5      | Reached skill level 8 in Axes
  4245 | D:5      | Found a staircase to the Ecumenical Temple.
  4247 | D:5      | Noticed Dowan
  4247 | D:5      | Noticed Duvessa
  4361 | D:5      | Noticed a water moccasin
  4376 | D:5      | Killed a water moccasin
  4376 | D:5      | Reached skill level 9 in Axes
  4376 | D:5      | Reached XP level 7. HP: 14/58 MP: 7/7
  4842 | D:5      | Found Koanli's Gadget Boutique.
  5092 | D:6      | Reached skill level 10 in Axes
  5248 | D:6      | Noticed a troll
  5260 | D:6      | Killed a troll
  5260 | D:6      | Reached skill level 11 in Axes
  5260 | D:6      | Reached XP level 8. HP: 33/66 MP: 8/8
  5471 | D:6      | Reached skill level 12 in Axes
  5840 | D:5      | Killed Duvessa
  5850 | D:5      | Killed Dowan
  5864 | Temple   | Entered the Ecumenical Temple
  6164 | Temple   | Became a worshipper of Trog the Wrathful
  6363 | D:7      | Found a transporter.
  6399 | D:7      | Reached skill level 13 in Axes
  6433 | D:7      | Reached XP level 9. HP: 57/71 MP: 9/9
  6436 | D:7      | Reached skill level 14 in Axes
  6447 | D:7      | Found a transporter.
  6735 | D:7      | Found Azoigrei's Assorted Antiques.
  6866 | D:4      | Bought an embroidered scarf for 208 gold pieces
  7105 | D:7      | Reached * piety under Trog
  7301 | D:8      | Reached skill level 15 in Axes
  7617 | D:8      | Found a snail-covered altar of Cheibriados.
  7658 | D:8      | Found a shattered altar of Ashenzari.
  7941 | D:8      | Found a hazy altar of Hepliaklqana.
  8149 | D:9      | Found a large runed translucent door.
  8149 | D:9      | Found a large runed translucent door.
  8158 | D:9      | Noticed Amnesiac's ghost (journeyman TrMo)
  8184 | D:9      | Killed Amnesiac's ghost
  8184 | D:9      | Reached skill level 17 in Axes
  8184 | D:9      | Reached XP level 10. HP: 65/78 MP: 10/10
  8954 | D:9      | Found a sparkling altar of Nemelex Xobeh.
  8956 | D:9      | Found a shadowy altar of Dithmenos.
  9016 | D:9      | Reached skill level 5 in Fighting
  9028 | D:9      | Reached ** piety under Trog
  9035 | D:9      | HP: 3/81 [killer bee (5)]
  9036 | D:9      | Succumbed to a killer bee's poison

Levels and vault maps discovered:
D:1:      minmay_arrival_solitary_statue, layout_loops_ring, minmay_octomino_j4
D:2:      layout_loops_ring
D:3:      layout_rooms
D:4:      layout_basic, nicolae_overflow_crystal_walls, serial_shops,
          nicolae_shop_trees, uniq_ijyb
D:5:      layout_loops_ring, minmay_temple_entry_from_below_b, first_ration,
          serial_shops, shop, nrook_loot_triangle, uniq_duvessa
D:6:      layout_layer_cave
D:7:      gammafunk_the_bubble [the_bubble_gammafunk_plus_minus],
          layout_loops_cross, serial_shops, shop
D:8:      layout_loops_cross, lemuel_crystal_altar, lemuel_crystal_altar,
          marbit_many_paths, kennysheep_diamond
D:9:      layout_loops_cross, nemelex_xobeh_ov_fountains_minmay,
          ebering_ghost_disaster_area, serial_rivers,
          chequers_serial_rivers_small_3, chequers_serial_rivers_micro_e,
          chequers_serial_rivers_micro_c, chequers_serial_rivers_micro_d,
          david_nohive_1, grunt_dithmenos_smoke
Temple:   minmay_temple_bridge_d

Skill      XL: |  1  2  3  4  5  6  7  8  9 10 |
---------------+-------------------------------+-----
Axes           | 3 4 6 7 9 11 13 17 | 17.1
Fighting       | 5 |  5.1
Armour         | 4 |  4.6
Shields        | 4 |  4.7

Action                   |  1- 3 |  4- 6 |  7- 9 | 10-12 || total
-------------------------+-------+-------+-------+-------++-------
Melee: War axe           |   113 |   202 |   328 |    72 ||   715
Throw: Stone             |       |     1 |       |       ||     1
Invok: Berserk           |       |       |     2 |     1 ||     3
       Trog's Hand       |       |       |       |     1 ||     1
Evoke: Wand              |       |       |       |     1 ||     1
  Use: Potion            |       |       |     1 |       ||     1
       Scroll            |       |       |     4 |     1 ||     5
  Eat: Chunk             |       |    11 |     5 |     2 ||    18
       Ration            |       |       |     3 |       ||     3
Armor: Scale mail        |    39 |       |       |       ||    39
       Chain mail        |    10 |   117 |   139 |    46 ||   312
Dodge: Dodged            |    39 |    39 |    49 |    20 ||   147
Block: Shield            |    58 |   105 |   117 |    40 ||   320

Table legend:
 A = Non-vault XP
 B = Vault XP
 C = Vault XP percentage of total XP
 D = Non-vault monster count
 E = Vault monster count
 F = Vault count percentage of total count
                 A         B        C        D         E       F
            +---------+---------+-------+---------+---------+-------
      Total |    4013 |    2814 |  41.2 |     140 |      27 |  16.2
            +---------+---------+-------+---------+---------+-------
        D:1 |      40 |       8 |  16.7 |      21 |       4 |  16.0
        D:2 |      63 |       0 |   0.0 |      17 |       0 |   0.0
        D:3 |     120 |       0 |   0.0 |      32 |       0 |   0.0
        D:4 |      93 |      36 |  27.9 |       5 |       1 |  16.7
        D:5 |     354 |     234 |  39.8 |       8 |       2 |  20.0
        D:6 |     899 |       0 |   0.0 |      15 |       0 |   0.0
        D:7 |     430 |     847 |  66.3 |      14 |      10 |  41.7
        D:8 |     854 |      87 |   9.2 |      13 |       3 |  18.8
        D:9 |    1160 |    1602 |  58.0 |      15 |       7 |  31.8
            +---------+---------+-------+---------+---------+-------
